[ AOE2 MATCH · #513637074 ]
UnrankedCiv #60 vs Wu
Player's team · WIN
Rival team · LOSS
[ REPLAY ANALYSIS · EXTRACTED FROM THE RECORDED GAME ]
Feudal
8:50
Castle
—
Imperial
—
| APM avg | 63.6 |
| APM peak | 115 |
| eAPM avg | 29.0 |
| Villagers / military | 60 / 43 |
Focus
⚔️ 36.2% · 🌾 63.8%
Militia ×21 · Archer ×20 · Spearman ×2
Feudal
8:51
Castle
—
Imperial
—
| APM avg | 58.3 |
| APM peak | 78 |
| eAPM avg | 24.0 |
| Villagers / military | 80 / 50 |
Focus
⚔️ 37.7% · 🌾 62.3%
Militia ×37 · Skirmisher ×11 · Archer ×1 · Spearman ×1
Match map
Initial resources + every placement click. Lines = walls · curves = elevation contours. ◆ gold · ⬟ stone · ● berries · ✦ relic · ◌ wall gap
Your base· Open — unwalled flank
Moneimon's base· Open — unwalled flank
Smoothed initial terrain · ◌ = detected wall gap · hover for details
Inputs per minute
— [LW] Faneth - - Moneimon
Build order — [LW] Faneth
First 150 of 217 actions detected
| 0:00 | Queue | Villager (Male) |
| 0:00 | Queue | Villager (Male) |
| 0:02 | Build | House |
| 0:02 | Queue | Villager (Male) |
| 0:02 | Build | House |
| 0:03 | Queue | Villager (Male) |
| 1:29 | Queue | Villager (Male) |
| 1:58 | Queue | Villager (Male) |
| 2:10 | Build | Lumber Camp |
| 2:24 | Queue | Villager (Male) |
| 2:45 | Queue | Villager (Male) |
| 2:55 | Queue | Villager (Male) |
| 3:38 | Queue | Villager (Male) |
| 3:53 | Build | House |
| 4:01 | Queue | Villager (Male) |
| 4:21 | Build | Mill |
| 4:30 | Queue | Villager (Male) |
| 4:52 | Queue | Villager (Male) |
| 5:22 | Queue | Villager (Male) |
| 5:41 | Queue | Villager (Male) |
| 5:41 | Research | Loom |
| 6:35 | Build | Barracks |
| 6:40 | Research | Feudal Age |
| 7:00 | Build | House |
| 7:31 | Queue | Militia |
| 8:01 | Build | Mining Camp |
| 8:02 | Queue | Militia |
| 8:39 | Queue | Militia |
| 8:47 | Build | Mining Camp |
| 8:50 | Age | Feudal Age |
| 9:00 | Queue | Villager (Male) |
| 9:03 | Build | Palisade Wall |
| 9:04 | Build | Palisade Wall |
| 9:15 | Research | Man-at-Arms (upgrade) |
| 9:23 | Queue | Villager (Male) |
| 9:33 | Build | Watch Tower |
| 9:36 | Queue | Villager (Male) |
| 9:52 | Queue | Villager (Male) |
| 9:55 | Queue | Villager (Male) |
| 10:14 | Queue | Villager (Male) |
| 10:19 | Build | House |
| 10:23 | Build | Palisade Wall |
| 10:40 | Build | Watch Tower |
| 10:43 | Build | Palisade Wall |
| 10:44 | Build | Palisade Wall |
| 10:45 | Build | Palisade Wall |
| 10:45 | Build | Palisade Wall |
| 10:46 | Build | Palisade Wall |
| 10:47 | Build | Palisade Wall |
| 10:55 | Queue | Spearman |
| 10:59 | Queue | Militia |
| 11:30 | Queue | Villager (Male) |
| 11:42 | Build | Watch Tower |
| 11:48 | Queue | Villager (Male) |
| 11:50 | Queue | Militia |
| 11:53 | Build | House |
| 12:01 | Build | House |
| 12:13 | Queue | Militia |
| 12:16 | Queue | Villager (Male) |
| 12:49 | Build | Palisade Wall |
| 12:49 | Build | Palisade Wall |
| 12:50 | Build | Palisade Wall |
| 12:50 | Build | Palisade Wall |
| 12:51 | Build | Palisade Wall |
| 12:51 | Build | Palisade Wall |
| 12:51 | Build | Palisade Wall |
| 12:52 | Build | Palisade Wall |
| 13:03 | Queue | Militia |
| 13:04 | Queue | Villager (Male) |
| 13:12 | Build | Palisade Wall |
| 13:26 | Queue | Villager (Male) |
| 13:44 | Build | Blacksmith |
| 13:45 | Queue | Villager (Male) |
| 13:55 | Build | Farm |
| 14:08 | Queue | Militia |
| 14:19 | Build | Watch Tower |
| 14:22 | Queue | Villager (Male) |
| 14:38 | Queue | Villager (Male) |
| 14:42 | Queue | Villager (Male) |
| 14:56 | Queue | Villager (Male) |
| 15:53 | Queue | Villager (Male) |
| 15:57 | Build | Watch Tower |
| 16:27 | Build | Palisade Wall |
| 16:29 | Build | Palisade Wall |
| 16:54 | Queue | Villager (Male) |
| 17:01 | Build | Farm |
| 17:02 | Build | Farm |
| 17:02 | Build | Farm |
| 17:02 | Build | Farm |
| 17:45 | Build | Market |
| 17:50 | Build | Farm |
| 17:53 | Build | Farm |
| 18:11 | Queue | Villager (Male) |
| 18:14 | Build | Farm |
| 18:16 | Build | Farm |
| 18:20 | Build | Palisade Wall |
| 18:23 | Build | Archery Range |
| 18:38 | Queue | Villager (Male) |
| 18:40 | Build | Farm |
| 18:52 | Build | House |
| 18:56 | Queue | Militia |
| 19:05 | Build | House |
| 19:05 | Build | Palisade Wall |
| 19:27 | Queue | Archer |
| 19:28 | Queue | Archer |
| 19:40 | Queue | Archer |
| 19:50 | Queue | Villager (Male) |
| 20:08 | Queue | Villager (Male) |
| 20:14 | Queue | Archer |
| 20:30 | Queue | Archer |
| 20:40 | Build | Mining Camp |
| 20:41 | Queue | Villager (Male) |
| 21:09 | Queue | Villager (Male) |
| 21:10 | Queue | Villager (Male) |
| 21:27 | Build | House |
| 21:28 | Build | House |
| 21:32 | Build | Palisade Wall |
| 21:38 | Queue | Villager (Male) |
| 21:40 | Queue | Archer |
| 21:55 | Build | House |
| 21:58 | Queue | Archer |
| 22:02 | Research | Fletching |
| 22:21 | Build | House |
| 22:24 | Build | Palisade Wall |
| 22:25 | Build | Palisade Wall |
| 22:29 | Build | House |
| 22:32 | Build | Palisade Wall |
| 22:36 | Queue | Archer |
| 22:37 | Queue | Villager (Male) |
| 22:50 | Build | Farm |
| 22:56 | Build | Palisade Wall |
| 22:57 | Build | Palisade Wall |
| 22:59 | Queue | Villager (Male) |
| 23:05 | Build | Palisade Wall |
| 23:09 | Queue | Villager (Male) |
| 23:19 | Queue | Archer |
| 23:20 | Queue | Spearman |
| 23:24 | Queue | Militia |
| 23:27 | Queue | Villager (Male) |
| 23:31 | Queue | Archer |
| 23:47 | Queue | Militia |
| 23:54 | Queue | Archer |
| 23:55 | Queue | Villager (Male) |
| 24:04 | Queue | Militia |
| 24:06 | Queue | Archer |
| 24:10 | Queue | Archer |
| 24:19 | Queue | Villager (Male) |
| 24:20 | Queue | Archer |
| 24:29 | Build | Palisade Wall |
| 24:31 | Build | Palisade Wall |
Build order — Moneimon
First 150 of 213 actions detected
| 0:01 | Queue | Villager (Male) |
| 0:02 | Queue | Villager (Male) |
| 0:02 | Build | House |
| 0:03 | Build | House |
| 0:05 | Queue | Villager (Male) |
| 0:05 | Queue | Villager (Male) |
| 1:23 | Queue | Villager (Male) |
| 1:24 | Queue | Villager (Male) |
| 1:50 | Queue | Villager (Male) |
| 2:15 | Queue | Villager (Male) |
| 2:38 | Queue | Villager (Male) |
| 2:55 | Queue | Villager (Male) |
| 2:56 | Queue | Villager (Male) |
| 2:59 | Build | House |
| 3:10 | Queue | Villager (Male) |
| 3:12 | Build | Lumber Camp |
| 3:42 | Queue | Villager (Male) |
| 4:12 | Queue | Villager (Male) |
| 4:42 | Queue | Villager (Male) |
| 5:12 | Queue | Villager (Male) |
| 5:30 | Build | Barracks |
| 5:40 | Queue | Villager (Male) |
| 5:46 | Build | House |
| 5:51 | Queue | Villager (Male) |
| 6:08 | Research | Loom |
| 6:26 | Research | Feudal Age |
| 6:47 | Queue | Militia |
| 6:58 | Build | Mining Camp |
| 7:11 | Queue | Militia |
| 7:15 | Build | Palisade Wall |
| 7:17 | Build | Palisade Wall |
| 7:19 | Build | Palisade Wall |
| 7:21 | Build | Palisade Wall |
| 7:36 | Queue | Militia |
| 7:48 | Queue | Villager (Male) |
| 7:52 | Build | House |
| 7:55 | Build | Palisade Wall |
| 8:01 | Build | Mill |
| 8:10 | Queue | Militia |
| 8:27 | Build | Palisade Wall |
| 8:28 | Build | Palisade Wall |
| 8:40 | Build | Palisade Wall |
| 8:43 | Build | Palisade Wall |
| 8:51 | Age | Feudal Age |
| 8:57 | Queue | Villager (Male) |
| 9:15 | Queue | Villager (Male) |
| 9:28 | Research | Man-at-Arms (upgrade) |
| 9:28 | Research | Man-at-Arms (upgrade) |
| 9:32 | Build | Archery Range |
| 9:43 | Build | Farm |
| 9:51 | Queue | Villager (Male) |
| 9:53 | Build | Farm |
| 10:08 | Build | Farm |
| 10:27 | Queue | Villager (Male) |
| 10:32 | Queue | Archer |
| 10:34 | Queue | Villager (Male) |
| 10:41 | Build | Palisade Wall |
| 10:44 | Build | Farm |
| 10:55 | Research | Arson |
| 10:56 | Queue | Skirmisher |
| 11:03 | Build | Farm |
| 11:21 | Queue | Villager (Male) |
| 11:22 | Queue | Villager (Male) |
| 11:56 | Queue | Villager (Male) |
| 11:59 | Research | Town Watch |
| 12:05 | Build | Mining Camp |
| 12:06 | Queue | Skirmisher |
| 12:18 | Build | House |
| 12:27 | Queue | Skirmisher |
| 12:32 | Queue | Spearman |
| 12:40 | Queue | Militia |
| 12:58 | Queue | Villager (Male) |
| 13:02 | Queue | Villager (Male) |
| 13:04 | Build | House |
| 13:22 | Build | House |
| 13:24 | Queue | Villager (Male) |
| 13:34 | Queue | Villager (Male) |
| 13:41 | Queue | Militia |
| 13:48 | Queue | Villager (Male) |
| 13:53 | Build | Blacksmith |
| 14:13 | Queue | Villager (Male) |
| 14:17 | Build | Farm |
| 14:20 | Queue | Villager (Male) |
| 14:24 | Build | Watch Tower |
| 14:28 | Build | House |
| 14:38 | Queue | Villager (Male) |
| 14:48 | Queue | Villager (Male) |
| 15:13 | Build | Farm |
| 15:14 | Build | Farm |
| 15:15 | Queue | Villager (Male) |
| 15:37 | Build | House |
| 15:44 | Queue | Villager (Male) |
| 15:58 | Queue | Militia |
| 16:01 | Queue | Villager (Male) |
| 16:19 | Queue | Villager (Male) |
| 16:44 | Queue | Villager (Male) |
| 17:05 | Queue | Villager (Male) |
| 17:25 | Queue | Villager (Male) |
| 17:42 | Queue | Villager (Male) |
| 17:50 | Queue | Militia |
| 17:56 | Queue | Militia |
| 18:05 | Queue | Villager (Male) |
| 18:12 | Build | Farm |
| 18:21 | Queue | Villager (Male) |
| 18:36 | Build | Farm |
| 18:36 | Queue | Villager (Male) |
| 18:38 | Build | Farm |
| 18:47 | Research | Scale Mail Armor |
| 19:00 | Queue | Villager (Male) |
| 19:01 | Build | Farm |
| 19:20 | Queue | Villager (Male) |
| 19:22 | Queue | Villager (Male) |
| 19:23 | Queue | Villager (Male) |
| 19:47 | Queue | Militia |
| 19:48 | Queue | Militia |
| 19:54 | Queue | Militia |
| 20:07 | Queue | Militia |
| 20:20 | Queue | Militia |
| 20:39 | Queue | Militia |
| 20:44 | Queue | Villager (Male) |
| 21:04 | Queue | Militia |
| 21:18 | Queue | Militia |
| 21:24 | Queue | Villager (Male) |
| 21:27 | Build | Lumber Camp |
| 21:46 | Queue | Militia |
| 21:52 | Queue | Militia |
| 22:14 | Queue | Villager (Male) |
| 22:15 | Build | Farm |
| 22:18 | Build | Farm |
| 22:34 | Queue | Militia |
| 22:35 | Queue | Villager (Male) |
| 22:37 | Build | Farm |
| 22:49 | Build | House |
| 22:53 | Queue | Villager (Male) |
| 23:11 | Queue | Militia |
| 23:43 | Queue | Villager (Male) |
| 23:43 | Queue | Villager (Male) |
| 23:45 | Build | Market |
| 23:54 | Queue | Militia |
| 24:06 | Queue | Militia |
| 24:13 | Queue | Militia |
| 24:24 | Research | Horse Collar |
| 24:27 | Build | Farm |
| 24:28 | Build | Farm |
| 24:28 | Build | Farm |
| 24:29 | Queue | Villager (Male) |
| 24:29 | Queue | Villager (Male) |
| 24:32 | Queue | Militia |
| 24:41 | Queue | Villager (Male) |
| 24:43 | Build | Watch Tower |
Match timeline
| 5:30 | Moneimon · first_building Barracks |
| 6:35 | [LW] Faneth · first_building Barracks |
| 7:15 | Moneimon · wall_segment Palisade Wall x1 |
| 7:17 | Moneimon · wall_segment Palisade Wall x1 |
| 7:19 | Moneimon · wall_segment Palisade Wall x1 |
| 7:21 | Moneimon · wall_segment Palisade Wall x1 |
| 7:55 | Moneimon · wall_segment Palisade Wall x1 |
| 8:27 | Moneimon · wall_segment Palisade Wall x1 |
| 8:28 | Moneimon · wall_segment Palisade Wall x1 |
| 8:40 | Moneimon · wall_segment Palisade Wall x1 |
| 8:43 | Moneimon · wall_segment Palisade Wall x1 |
| 8:50 | [LW] Faneth · age_up feudal |
| 8:51 | Moneimon · age_up feudal |
| 9:03 | [LW] Faneth · wall_segment Palisade Wall x1 |
| 9:04 | [LW] Faneth · wall_segment Palisade Wall x1 |
| 9:32 | Moneimon · first_building Archery Range |
| 10:23 | [LW] Faneth · wall_segment Palisade Wall x1 |
| 10:41 | Moneimon · wall_segment Palisade Wall x1 |
| 10:43 | [LW] Faneth · wall_segment Palisade Wall x1 |
| 10:44 | [LW] Faneth · wall_segment Palisade Wall x1 |
| 10:45 | [LW] Faneth · wall_segment Palisade Wall x1 |
| 10:45 | [LW] Faneth · wall_segment Palisade Wall x1 |
| 10:46 | [LW] Faneth · wall_segment Palisade Wall x1 |
| 10:47 | [LW] Faneth · wall_segment Palisade Wall x2 |
| 12:49 | [LW] Faneth · wall_segment Palisade Wall x1 |
| 12:49 | [LW] Faneth · wall_segment Palisade Wall x1 |
| 12:50 | [LW] Faneth · wall_segment Palisade Wall x1 |
| 12:50 | [LW] Faneth · wall_segment Palisade Wall x1 |
| 12:51 | [LW] Faneth · wall_segment Palisade Wall x1 |
| 12:51 | [LW] Faneth · wall_segment Palisade Wall x1 |
| 12:51 | [LW] Faneth · wall_segment Palisade Wall x1 |
| 12:52 | [LW] Faneth · wall_segment Palisade Wall x1 |
| 13:12 | [LW] Faneth · wall_segment Palisade Wall x1 |
| 16:27 | [LW] Faneth · wall_segment Palisade Wall x1 |
| 16:29 | [LW] Faneth · wall_segment Palisade Wall x1 |
| 18:20 | [LW] Faneth · wall_segment Palisade Wall x1 |
| 18:21 | [LW] Faneth · first_market_buy 100 wood |
| 18:23 | [LW] Faneth · first_building Archery Range |
| 19:05 | [LW] Faneth · wall_segment Palisade Wall x1 |
| 21:32 | [LW] Faneth · wall_segment Palisade Wall x1 |
| 22:24 | [LW] Faneth · wall_segment Palisade Wall x1 |
| 22:25 | [LW] Faneth · wall_segment Palisade Wall x1 |
| 22:32 | [LW] Faneth · wall_segment Palisade Wall x1 |
| 22:56 | [LW] Faneth · wall_segment Palisade Wall x1 |
| 22:57 | [LW] Faneth · wall_segment Palisade Wall x1 |
| 23:05 | [LW] Faneth · wall_segment Palisade Wall x1 |
| 24:23 | Moneimon · first_market_buy 100 food |
| 24:29 | [LW] Faneth · wall_segment Palisade Wall x1 |
| 24:31 | [LW] Faneth · wall_segment Palisade Wall x1 |
| 28:55 | [LW] Faneth · wall_segment Palisade Wall x1 |
| 28:56 | [LW] Faneth · wall_segment Palisade Wall x1 |
| 29:03 | [LW] Faneth · wall_segment Palisade Wall x1 |
| 29:05 | [LW] Faneth · wall_segment Palisade Wall x1 |
| 29:08 | [LW] Faneth · wall_segment Palisade Wall x1 |
| 29:10 | [LW] Faneth · wall_segment Palisade Wall x1 |
| 30:34 | [LW] Faneth · wall_segment Palisade Wall x1 |
| 30:37 | [LW] Faneth · wall_segment Palisade Wall x1 |
| 33:05 | Moneimon · resign |
[ AI ANALYSIS · 1 CREDIT ]
What really happened in this match?
Wolo.gg analyzes every decision: build order, eco, micro, common mistakes by bracket. Personalized analysis on WhatsApp or Discord in 30 seconds.
Civ guide
Civ #60
Perfil
Jugador #2482098